 Dungeon Crawl Stone Soup version 0.23-a0-128-g2d122ddfbf (webtiles) character file.

365429 Napalmbreeze the Slayer (level 22, -9/155 HPs)
             Began as a Gargoyle Gladiator on Aug 27, 2018.
             Was the Champion of Okawaru.
             Splashed by a lich's acid (11 damage)
             ... on level 5 of the Vaults.
             The game lasted 02:12:53 (40049 turns).

Napalmbreeze the Slayer (Gargoyle Gladiator)       Turns: 40049, Time: 02:12:53

Health: -9/155     AC: 51    Str: 20    XL:     22   Next: 54%
Magic:  41/41      EV: 15    Int: 12    God:    Okawaru [******]
Gold:   2067       SH: 12    Dex: 21    Spells: 29/35 levels left

rFire    + + +     SeeInvis +   S - +9 broad axe of Incongruity {freeze, Stlth+}
rCold    + + +     Gourm    .   y - +2 buckler {rF+}
rNeg     + . .     Faith    +   Z - +9 gold dragon scales
rPois    ∞         Spirit   .   O - +2 helmet {SInv}
rElec    +         Reflect  .   z - +0 cloak of Ganacol {MP+9 Slay+3}
rCorr    .         Harm     .   I - +1 pair of gloves {Dex+3}
MR       ++...                  U - +2 pair of boots {run}
Stlth    ..........             g - amulet of faith
HPRegen  0.35/turn              N - +4 ring of slaying
MPRegen  0.27/turn              n - ring "Failiehe" {+Blink rF+ rC+ MR+ Int+2}

@: about to teleport, finesse, corroded, very slightly contaminated, hasted,
very quick
A: big wings, repulsion field 1, large bone plates 1, cold resistance 1,
negative energy resistance 1, electricity resistance, unbreathing, petrification
resistance, rot immunity, AC +16
}: 2/15 runes: serpentine, barnacled
a: Fly, Heroism, Finesse, Renounce Religion, Evoke Blink


You were on level 5 of the Vaults.
You worshipped Okawaru.
Okawaru was exalted by your worship.
You were not hungry.

You visited 8 branches of the dungeon, and saw 40 of its levels.
You visited 1 bazaar.

You collected 4560 gold pieces.
You spent 2493 gold pieces at shops.

Inventory:

Hand Weapons
 E - a +4 battleaxe of chopping
 S - the +9 broad axe of Incongruity (weapon) {freeze, Stlth+}
   (Okawaru gifted it to you on level 1 of the Lair of Beasts)

   It has been specially enchanted to freeze those struck by it, causing extra
   injury to most foes and up to half again as much damage against particularly
   susceptible opponents.
   It can also slow down cold-blooded creatures.
   It makes you more stealthy.
Missiles
 d - 9 throwing nets (quivered)
Armour
 y - a +2 buckler of fire resistance (worn)
 z - the +0 cloak of Ganacol (worn) {MP+9 Slay+3}
   (Okawaru gifted it to you on level 15 of the Dungeon)

   It affects your accuracy and damage with ranged weapons and melee attacks
   (+3).
   It affects your magic capacity (+9).
 D - the +6 large shield of Qoff {rC+ rN+ SInv}
   (You bought it in a shop on level 1 of the Snake Pit)

   It protects you from cold.
   It protects you from negative energy.
   It lets you see invisible.
 I - a +1 pair of gloves of dexterity (worn)
 L - the +9 plate armour "Ummoaruw" {MR+++ Regen+ Str-3 Int-2}
   (You found it on level 6 of the Lair of Beasts)

   It affects your strength (-3).
   It affects your intelligence (-2).
   It affects your resistance to hostile enchantments.
   It increases your rate of regeneration.
 O - a +2 helmet of see invisible (worn)
 U - a +2 pair of boots of running (worn)
 V - the +2 pair of boots of the Assassin {Detection Stab+ Stlth++}
   (Okawaru gifted it to you on level 4 of the Snake Pit)

   It makes you much more stealthy.
 Z - +9 gold dragon scales (worn)
Jewellery
 g - an amulet of faith (around neck)
 l - the ring of Cayng {rC+ MR+ Str+4 Int+2}
   (You found it on level 6 of the Lair of Beasts)

   [ring of intelligence]

   It affects your strength (+4).
   It affects your intelligence (+2).
   It protects you from cold.
   It affects your resistance to hostile enchantments.
 n - the ring "Failiehe" (right hand) {+Blink rF+ rC+ MR+ Int+2}
   (You bought it in a shop on level 4 of the Vaults)

   [ring of protection from cold]

   It affects your intelligence (+2).
   It protects you from fire.
   It protects you from cold.
   It affects your resistance to hostile enchantments.
   It lets you blink.
 q - an uncursed ring of positive energy
 s - a +4 ring of evasion
 N - a +4 ring of slaying (left hand)
 W - an uncursed amulet of guardian spirit
Wands
 X - a wand of digging (55)
Scrolls
 b - 16 scrolls of teleportation
 e - 6 scrolls of identify
 h - 5 scrolls of fog
 j - 2 scrolls of enchant armour
 k - 8 scrolls of blinking
 v - 16 scrolls of enchant weapon
 A - a scroll of holy word
 C - 18 scrolls of remove curse
 F - 6 scrolls of magic mapping
 H - 10 scrolls of amnesia
 Q - 6 scrolls of fear
 Y - a scroll of brand weapon
Potions
 a - 4 potions of mutation
 c - 2 potions of invisibility
 i - 13 potions of curing
 o - 6 potions of heal wounds
 t - 2 potions of haste
 u - 3 potions of ambrosia
 x - 4 potions of brilliance
 B - 2 potions of agility
 G - 8 potions of berserk rage
 J - 4 potions of might
 T - a potion of resistance
Comestibles
 f - 47 rations


   Skills:
 + Level 21.2 Fighting
 + Level 17.7(17.8) Axes
   Level 3.7(13.3) Maces & Flails
 - Level 1.7 Throwing
 - Level 16.8 Armour
 + Level 15.7 Dodging
 - Level 4.0 Shields
 - Level 7.1 Spellcasting
 + Level 7.0 Hexes
 - Level 8.0 Invocations


You had 29 spell levels left.
You knew the following spells:

 Your Spells              Type           Power        Failure   Level  Hunger
a - Invisibility          Hex            ###.....     100%        6    #######

Your spell library contained the following spells:

 Spells                   Type           Power        Failure   Level  Hunger
 Confusing Touch          Hex            ###...       36%         1    None
 Corona                   Hex            ###....      36%         1    None
 Slow                     Hex            ###.....     50%         2    #......
 Confuse                  Hex            ###.....     75%         3    ###....
 Tukima's Dance           Hex            ###.....     75%         3    ###....
 Ensorcelled Hibernation  Hex/Ice        ##....       94%         2    #......
 Dazzling Spray           Conj/Hex       ##....       99%         3    ###....
 Inner Flame              Hex/Fire       ##......     99%         3    ###....
 Animate Skeleton         Necr           N/A          100%        1    None
 Apportation              Tloc           #.....       100%        1    None
 Beastly Appendage        Tmut           #.....       100%        1    None
 Flame Tongue             Conj/Fire      #....        100%        1    None
 Magic Dart               Conj           #...         100%        1    None
 Sandblast                Erth           #.....       100%        1    None
 Shock                    Conj/Air       #...         100%        1    None
 Sting                    Conj/Pois      #...         100%        1    None
 Summon Butterflies       Summ           #.......     100%        1    None
 Summon Small Mammal      Summ           #...         100%        1    None
 Blink                    Tloc           N/A          100%        2    #......
 Call Imp                 Summ           #.......     100%        2    #......
 Passwall                 Tmut/Erth      #.......     100%        2    #......
 Poisonous Vapours        Pois/Air       #.....       100%        2    #......
 Sticks to Snakes         Tmut           #.......     100%        2    #......
 Swiftness                Chrm/Air       #.......     100%        2    #......
 Throw Flame              Conj/Fire      #.....       100%        2    #......
 Conjure Flame            Conj/Fire      #.......     100%        3    ###....
 Ignite Poison            Fire/Tmut/Pois #.......     100%        3    ###....
 Lesser Beckoning         Tloc           #.........   100%        3    ###....
 Mephitic Cloud           Conj/Pois/Air  #.......     100%        3    ###....
 Spider Form              Tmut/Pois      #.........   100%        3    ###....
 Static Discharge         Conj/Air       #.......     100%        3    ###....
 Stone Arrow              Conj/Erth      #.....       100%        3    ###....
 Airstrike                Air            #.........   100%        4    ####...
 Force Lance              Conj/Tloc      #.......     100%        4    ####...
 Ice Form                 Ice/Tmut       #.......     100%        4    ####...
 Olgreb's Toxic Radiance  Pois           #.......     100%        4    ####...
 Petrify                  Tmut/Erth      #.......     100%        4    ####...
 Sticky Flame             Conj/Fire      #.......     100%        4    ####...
 Alistair's Intoxication  Tmut/Pois      #.......     100%        5    ######.
 Aura of Abjuration       Summ           #.........   100%        5    ######.
 Blade Hands              Tmut           #.........   100%        5    ######.
 Bolt of Magma            Conj/Fire/Erth #.........   100%        5    ######.
 Borgnjor's Vile Clutch   Necr/Erth      #.........   100%        5    ######.
 Fireball                 Conj/Fire      #.........   100%        5    ######.
 Irradiate                Conj/Tmut      #.........   100%        5    ######.
 Iskenderun's Battlesphe  Conj/Chrm      #.......     100%        5    ######.
 Lee's Rapid Deconstruct  Erth           #.........   100%        5    ######.
 Lightning Bolt           Conj/Air       #.........   100%        5    ######.
 Silence                  Hex/Air        ##........   100%        5    ######.
 Venom Bolt               Conj/Pois      #.........   100%        5    ######.
 Bolt of Fire             Conj/Fire      #.........   100%        6    #######
 Darkness                 Hex            ###.......   100%        6    #######
 Freezing Cloud           Conj/Ice/Air   #.........   100%        6    #######
 Hydra Form               Tmut           #.........   100%        6    #######
 Iron Shot                Conj/Erth      #.........   100%        6    #######
 Poison Arrow             Conj/Pois      #.........   100%        6    #######
 Shadow Creatures         Summ           N/A          100%        6    #######
 Dragon Form              Tmut           #.........   100%        7    #######
 Orb of Destruction       Conj           #.........   100%        7    #######
 Ring of Flames           Chrm/Fire      #.........   100%        7    #######
 Spellforged Servitor     Conj/Summ      #.........   100%        7    #######
 Chain Lightning          Conj/Air       #.........   100%        8    #######
 Ignition                 Fire           #.........   100%        8    #######
 Lehudib's Crystal Spear  Conj/Erth      #.........   100%        8    #######
 Dragon's Call            Summ           #.........   100%        9    #######
 Fire Storm               Conj/Fire      #.........   100%        9    #######
 Glaciate                 Conj/Ice       #.........   100%        9    #######
 Shatter                  Erth           #.........   100%        9    #######
 Tornado                  Air            #.........   100%        9    #######
 Sublimation of Blood     Necr           Unusable     N/A         2    N/A
 Statue Form              Tmut/Erth      Unusable     N/A         6    N/A

Dungeon Overview and Level Annotations

Branches:
Dungeon (15/15)            Temple (1/1) D:5            Lair (6/6) D:11
 Shoals (4/4) Lair:4        Snake (4/4) Lair:2        Slime (0/5) Lair:5
    Orc (2/2) D:9             Elf (3/3) Orc:2        Vaults (5/5) D:14
  Crypt (0/3) Vaults:2     Depths (0/5) D:15

Altars:
Ashenzari
Dithmenos
Elyvilon
Fedhas
Gozag
Hepliaklqana
Kikubaaqudgha
Makhleb
Nemelex Xobeh
Okawaru
Qazlal
Ru
Sif Muna
Uskayaw
Wu Jian
Xom
Yredelemnul
Zin
The Shining One
Jiyva

Shops:
D:11 :   D:14 [([   Orc:2 :}*}   Elf:2 [(*%(   Shoals:1 !?   Snake:1 *
Snake:3 ?(:   Vaults:4 =

Portals:
Trove: Vaults:3 (give +3 storm dragon scales)

Annotations:
D:4 2 transporters
Vaults:1 3 runed doors, Stone's ghost, adept FoFi; Sydeak's ghost, veteran CeHu; strelocc's ghost, adept MfBe


Innate Abilities, Weirdness & Mutations

You are resistant to torment.
Your stone body is resilient. (AC +16)
You are immune to poison.
Your large and strong wings let you fly indefinitely.
You resist negative energy. (rN+)
You are resistant to electric shocks. (rElec)
You can survive without breathing.
You are immune to petrification.
You are immune to rotting.
You are surrounded by a mild repulsion field. (EV +2)
You are partially covered in large bone plates. (SH +4)
Your flesh is cold resistant. (rC+)


Message History

A deep elf death mage comes into view. It is wielding a vampiric dagger.
A flayed ghost comes into view.
The lich points at you and mumbles some strange words.
The bolt of acid hits you!
* * * LOW HITPOINT WARNING * * *
The acid corrodes you!
You are splashed with acid!
The acid burns!
* * * LOW HITPOINT WARNING * * *
Found seven items.
A freezing wraith comes into view.
You see here a bolt.
As you read the scroll of teleportation, it crumbles to dust.
You feel strangely unstable.
A wraith comes into view.
The yaktaur captain shoots a bolt.
You block the bolt.
You see here a bolt.
The lich gestures at you while chanting.
The bolt of acid hits you!
* * * LOW HITPOINT WARNING * * *
The acid corrodes you!
You are splashed with acid!
The acid burns!
You die...

# #### ##%)#
#[..# ##...#
#....# #
##..@.# #.W
#....c#
#....##.(...#
....WWe(...}#
#....##.L..:#
#... #.....#
##.
##....#....#
#....#....# %
##...#..p.#


You could see a lich, a yaktaur captain, a deep elf death mage and a flayed
ghost.

Vanquished Creatures
  A lich (Vaults:3)
  A deep elf master archer (Elf:3)
  3 deep elf blademasters
  Polyphemus (Shoals:2)
  Frances (Snake:1)
  2 sphinxes
  2 krakens
  Kirke (Shoals:1)
  A storm dragon (Vaults:5)
  A tengu reaver (Vaults:5)
  3 shadow dragons (Vaults:5)
  4 nagarajas (Snake:4)
  A fire giant (Vaults:5)
  15 vault wardens
  6 deep elf sorcerers
  4 deep elf elementalists (Elf:3)
  5 ironheart preservers
  4 very ugly things
  2 entropy weavers
  4 stone giants
  A vampire knight (Vaults:2)
  5 dire elephants (Lair:6)
  4 deep elf annihilators
  4 deep elf demonologists
  Azrael (Snake:1)
  A deep elf death mage (Elf:3)
  7 merfolk javelineers
  9 merfolk impalers
  5 ettins
  4 deep elf high priests (Elf:3)
  8 yaktaur captains
  11 vault guards
  Fannar (Lair:1)
  A fire dragon (Vaults:4)
  A crystal guardian (Vaults:4)
  A rakshasa (Vaults:2)
  A great orb of eyes (Vaults:3)
  9 naga warriors
  An ice dragon (Vaults:2)
  7 hydras
  2 alligator snapping turtles (Shoals:4)
  A death knight (Vaults:2)
  3 anacondas
  2 merfolk avatars (Shoals:4)
  2 catoblepae
  9 centaur warriors
  39 two-headed ogres
  4 satyrs
  20 dancing weapons
  7 merfolk aquamancers
  8 ogre magi
  3 death yaks (Shoals:2)
  A queen ant (Lair:5)
  A deep troll earth mage (Vaults:3)
  A tengu warrior (D:15)
  A vampire mage (Vaults:2)
  3 orc high priests (Orc:2)
  7 shock serpents
  22 naga sharpshooters
  Sonja (Lair:2)
  19 deep elf knights
  A hell knight (D:15)
  A fire crab (shapeshifter) (Vaults:4)
  A shadow wraith (Vaults:4)
  2 deep trolls (Vaults:3)
  7 sea snakes
  5 skeletal warriors (D:14)
  A salamander mystic (Snake:4)
  An unseen horror (D:10)
  A flayed ghost (Vaults:2)
  4 naga ritualists
  A glowing orange brain (Vaults:5)
  18 deep elf archers
  2 phantasmal warriors
  17 harpies
  10 orc knights
  3 wizards
  15 ironbrand convokers
  A tengu zombie (Vaults:4)
  4 mana vipers
  A necromancer (Vaults:4)
  2 wolf spider zombies
  7 orc sorcerers
  58 ugly things
  4 cyclopes
  52 deep elf magi
  A shining eye (shapeshifter) (Vaults:5)
  13 salamanders
  A wolf spider (Vaults:2)
  4 fauns
  7 manticores
  15 vault sentinels
  14 elephants
  3 guardian serpents
  35 naga magi
  8 merfolk sirens
  A fire giant skeleton (Vaults:4)
  2 water nymphs
  26 black mambas
  14 spiny frogs
  A torpor snail (shapeshifter) (D:14)
  A storm dragon simulacrum (Vaults:3)
  6 freezing wraiths
  A yaktaur (shapeshifter) (Vaults:4)
  3 rime drakes
  9 komodo dragons
  48 yaktaurs
  14 trolls
  A meliai (shapeshifter) (Vaults:2)
  2 tengu conjurers (D:15)
  33 merfolk
  A polar bear (Lair:5)
  A queen bee (shapeshifter) (Vaults:3)
  A troll (shapeshifter) (Vaults:3)
  A wolf spider simulacrum (D:15)
  2 wind drakes (Shoals:1)
  3 hornets
  27 slime creatures
  16 blink frogs
  7 snapping turtles
  9 hippogriffs
  10 dream sheep
  Sigmund (D:6)
  A centaur simulacrum (D:15)
  2 air elementals (Elf:1)
  4 redbacks (Vaults:4)
  5 water elementals
  26 yaks
  A wyvern (shapeshifter) (Vaults:2)
  2 wyverns
  A redback (shapeshifter) (Vaults:5)
  6 wraiths
  2 vampires (D:14)
  4 hogs (Shoals:1)
  3 basilisks
  Grum (Lair:1)
  A hog (shapeshifter) (D:15)
  A hungry ghost (D:7)
  2 insubstantial wisps (Lair:3)
  8 vampire mosquitoes
  A soldier ant (shapeshifter) (Vaults:1)
  An acid dragon (D:15)
  10 wargs
  12 soldier ants
  44 nagas
  4 hell hounds (Snake:1)
  A floating eye (shapeshifter) (Vaults:1)
  9 porcupines
  11 water moccasins
  7 sky beasts
  2 ice beasts
  32 orc warriors
  An ettin simulacrum (Vaults:1)
  An ogre (shapeshifter) (Elf:2)
  A black bear (Lair:4)
  13 wolves
  4 phantoms
  An elf zombie (Vaults:4)
  23 centaurs
  2 eyes of draining
  4 boggarts (Vaults:1)
  18 ogres
  19 crocodiles
  A human zombie (Vaults:4)
  A big kobold (D:8)
  A gnoll sergeant (D:11)
  11 bullfrogs
  2 earth elementals (Elf:1)
  A human skeleton (Vaults:4)
  A scorpion (D:9)
  A water moccasin skeleton (D:6)
  10 wights
  4 electric eels
  7 crimson imps
  5 centaur zombies
  A human simulacrum (Vaults:2)
  10 jellies
  A bullfrog zombie (D:12)
  31 orc wizards
  7 hounds
  22 orc priests
  12 centaur skeletons
  A bullfrog skeleton (D:10)
  4 iguanas
  23 worker ants
  A killer bee zombie (D:9)
  A hound skeleton (D:8)
  A worker ant zombie (D:9)
  10 gnolls
  17 adders
  3 shadow imps
  7 oozes
  A worm (D:3)
  An adder skeleton (D:7)
  4 dart slugs
  7 leopard geckos
  75 orcs
  4 giant cockroaches
  2 goblins (D:3)
  4 hobgoblins (D:3)
  7 jackals
  5 kobolds
  2 quokkas
  2 ball pythons
  5 bats
  A frilled lizard (D:2)
  A leopard gecko zombie (D:5)
  4 rats
  11 fungi
  7 plants
  7 tentacles
1499 creatures vanquished.

Vanquished Creatures (others)
  A deep elf high priest (Vaults:5)
  A two-headed ogre (Vaults:4)
  An unseen horror (Vaults:1)
  3 nagas
  An orc wizard (D:10)
  4 fungi
  11 plants
  4 tentacles
  A withered plant (Vaults:1)
27 creatures vanquished.

Grand Total: 1526 creatures vanquished

Notes
Turn   | Place    | Note
-------+----------+-------------------------------------------
     0 | D:1      | Napalmbreeze the Gargoyle Gladiator began the quest for the
                  | Orb.
     0 | D:1      | Reached XP level 1. HP: 12/12 MP: 1/1
   123 | D:1      | Reached XP level 2. HP: 13/18 MP: 2/2
   577 | D:2      | Reached skill level 1 in Armour
   577 | D:2      | Reached XP level 3. HP: 22/22 MP: 3/3
   814 | D:2      | Reached skill level 3 in Fighting
  1475 | D:3      | Found a sacrificial altar of Ru.
  1521 | D:3      | Reached XP level 4. HP: 28/28 MP: 4/4
  1910 | D:3      | Reached XP level 5. HP: 33/33 MP: 5/5
  1952 | D:3      | Reached skill level 4 in Fighting
  2528 | D:3      | Found a deep blue altar of Sif Muna.
  2680 | D:4      | Found a transporter.
  2695 | D:4      | Found a transporter.
  2729 | D:4      | Reached skill level 1 in Axes
  2747 | D:4      | Reached XP level 6. HP: 32/38 MP: 6/6
  3308 | D:4      | Found a basalt altar of Yredelemnul.
  3319 | D:4      | Found a glowing golden altar of the Shining One.
  3322 | D:4      | Found a sparkling altar of Nemelex Xobeh.
  3414 | D:5      | Entered Level 5 of the Dungeon
  3421 | D:5      | Noticed a sky beast
  3434 | D:5      | Killed a sky beast
  3451 | D:5      | Reached XP level 7. HP: 36/44 MP: 7/7
  3461 | D:5      | Found a staircase to the Ecumenical Temple.
  3473 | Temple   | Entered the Ecumenical Temple
  3486 | Temple   | Became a worshipper of Warmaster Okawaru
  3707 | D:5      | Noticed a hippogriff
  3713 | D:5      | Killed a hippogriff
  3713 | D:5      | Reached skill level 5 in Fighting
  4129 | D:6      | Reached * piety under Okawaru
  4129 | D:6      | Reached XP level 8. HP: 19/50 MP: 8/8
  4633 | D:6      | Found a blossoming altar of Fedhas.
  4741 | D:6      | Found a shadowy altar of Dithmenos.
  4786 | D:6      | Noticed Sigmund
  4793 | D:6      | Killed Sigmund
  4793 | D:6      | Reached skill level 6 in Fighting
  4793 | D:6      | Reached skill level 5 in Axes
  4989 | D:6      | Reached skill level 5 in Armour
  5263 | D:7      | Reached ** piety under Okawaru
  5263 | D:7      | Reached XP level 9. HP: 56/56 MP: 9/9
  5400 | D:7      | Found a glowing silver altar of Zin.
  5471 | D:7      | Reached skill level 5 in Dodging
  5832 | D:7      | Found a burning altar of Makhleb.
  6145 | D:8      | Found an opulent altar of Gozag.
  6242 | D:8      | Reached skill level 7 in Fighting
  6255 | D:8      | Reached *** piety under Okawaru
  6357 | D:8      | Received a gift from Okawaru
  6790 | D:9      | Reached XP level 10. HP: 46/63 MP: 10/10
  6944 | D:9      | Found a staircase to the Orcish Mines.
  7059 | D:9      | Got a scorched leather armour
  7076 | D:9      | Identified the cursed +0 leather armour "Ficzuiweta" {rN+
                  | Int+4} (You found it on level 9 of the Dungeon)
  7137 | D:9      | Identified the Incunabulum of Confrontation
  7403 | D:9      | Reached **** piety under Okawaru
  7523 | D:10     | Entered Level 10 of the Dungeon
  7523 | D:10     | Noticed a two-headed ogre
  7531 | D:10     | Killed a two-headed ogre
  7531 | D:10     | Reached skill level 8 in Fighting
  7726 | D:10     | Killed an unseen horror
  7924 | D:10     | Reached ***** piety under Okawaru
  8072 | D:10     | Paralysed by an orc for 4 turns
  8162 | D:10     | Reached XP level 11. HP: 53/69 MP: 11/11
  8295 | D:10     | Noticed a two-headed ogre
  8304 | D:10     | Killed a two-headed ogre
  8360 | D:10     | Received a gift from Okawaru
  8363 | D:10     | Got a pitted broad axe {god gift}
  8372 | D:10     | Identified the +5 broad axe of Kewen {vamp, *Contam rElec
                  | Str+6 Int+3} (Okawaru gifted it to you on level 10 of the
                  | Dungeon)
  8529 | D:10     | Noticed a two-headed ogre
  8540 | D:10     | Killed a two-headed ogre
  8540 | D:10     | Reached skill level 9 in Fighting
  8801 | D:11     | Found Zienuhel's Book Emporium.
  8863 | D:11     | Found a staircase to the Lair.
  8925 | D:11     | Noticed a brown ugly thing
  8943 | D:11     | Killed a brown ugly thing
  9838 | Lair:1   | Entered Level 1 of the Lair of Beasts
  9849 | Lair:1   | Reached skill level 10 in Axes
  9955 | Lair:1   | Noticed Fannar
  9965 | Lair:1   | Reached skill level 1 in Invocations
  9967 | Lair:1   | Received a gift from Okawaru
  9982 | Lair:1   | Killed Fannar
  9987 | Lair:1   | Got an ichor-stained broad axe {god gift}
 10006 | Lair:1   | Identified the +9 broad axe of Incongruity {freeze, Stlth+}
                  | (Okawaru gifted it to you on level 1 of the Lair of Beasts)
 10063 | Lair:1   | Gained mutation: You occasionally shout uncontrollably at
                  | your foes. [mutagenic glow]
 10407 | Lair:1   | Noticed Grum
 10418 | Lair:1   | Killed Grum
 10538 | Lair:1   | Received a gift from Okawaru
 10538 | Lair:1   | Reached XP level 12. HP: 58/77 MP: 14/14
 10561 | Lair:1   | Identified a +2 pair of boots of running (Okawaru gifted it
                  | to you on level 1 of the Lair of Beasts)
 10566 | Lair:1   | Noticed a seven-headed hydra
 10599 | Lair:1   | Killed a 13-headed hydra
 10599 | Lair:1   | Reached skill level 10 in Fighting
 11009 | Lair:2   | Reached skill level 5 in Invocations
 11221 | Lair:2   | Found a staircase to the Snake Pit.
 11301 | Lair:2   | Noticed a five-headed hydra
 11571 | Lair:2   | Killed an 18-headed hydra
 11590 | Lair:2   | Noticed a catoblepas
 11594 | Lair:2   | Noticed Sonja
 11676 | Lair:2   | Killed a catoblepas
 11786 | Lair:2   | Noticed an eight-headed hydra
 11801 | Lair:2   | Killed a 17-headed hydra
 12469 | Lair:2   | Received a gift from Okawaru
 12684 | Lair:2   | Killed Sonja
 12795 | Lair:3   | Received a gift from Okawaru
 12795 | Lair:3   | Reached skill level 11 in Fighting
 13066 | Lair:3   | Reached XP level 13. HP: 72/84 MP: 18/18
 13471 | Lair:3   | Lost mutation: You occasionally shout uncontrollably at
                  | your foes. [potion of mutation]
 13471 | Lair:3   | Gained mutation: You are partially covered in large bone
                  | plates. (SH +4) [potion of mutation]
 13471 | Lair:3   | Gained mutation: You are surrounded by a mild repulsion
                  | field. (EV +2) [potion of mutation]
 13471 | Lair:3   | Gained mutation: Your flesh is cold resistant. (rC+)
                  | [potion of mutation]
 13755 | Lair:3   | Reached ****** piety under Okawaru
 13755 | Lair:3   | Received a gift from Okawaru
 14636 | Lair:4   | Found a staircase to the Shoals.
 15091 | Lair:5   | Received a gift from Okawaru
 15114 | Lair:5   | Reached skill level 12 in Fighting
 15340 | Lair:5   | Found a viscous altar of Jiyva.
 15340 | Lair:5   | Found a staircase to the Slime Pits.
 15407 | Lair:5   | Noticed an entropy weaver
 15412 | Lair:5   | Noticed an entropy weaver
 16127 | Lair:5   | Killed an entropy weaver
 16816 | Lair:6   | Entered Level 6 of the Lair of Beasts
 16982 | Lair:6   | Gained mutation: Your large and strong wings let you fly
                  | indefinitely. [Gargoyle growth]
 16982 | Lair:6   | Reached XP level 14. HP: 78/92 MP: 20/20
 16984 | Lair:6   | Received a gift from Okawaru
 17074 | Lair:6   | Reached skill level 13 in Fighting
 17533 | Lair:6   | Reached skill level 10 in Armour
 17533 | Lair:6   | Reached skill level 10 in Dodging
 17742 | Lair:6   | Got a faintly humming plate armour
 17754 | Lair:6   | Identified the +9 plate armour "Ummoaruw" {MR+++ Regen+
                  | Str-3 Int-2} (You found it on level 6 of the Lair of
                  | Beasts)
 18226 | Lair:6   | Reached skill level 1 in Shields
 18231 | Lair:6   | Noticed a dire elephant
 18231 | Lair:6   | Noticed a dire elephant
 18237 | Lair:6   | Noticed a dire elephant
 18242 | Lair:6   | Noticed a dire elephant
 18249 | Lair:6   | Noticed a dire elephant
 18266 | Lair:6   | Killed a dire elephant
 18272 | Lair:6   | Killed a dire elephant
 18272 | Lair:6   | Received a gift from Okawaru
 18318 | Lair:6   | Killed a dire elephant
 18364 | Lair:6   | Killed a dire elephant
 18379 | Lair:6   | Killed a dire elephant
 18394 | Lair:6   | Got a scintillating jade ring
 18396 | Lair:6   | Identified the ring of Cayng {rC+ MR+ Str+4 Int+2} (You
                  | found it on level 6 of the Lair of Beasts)
 18577 | Orc:1    | Entered Level 1 of the Orcish Mines
 18696 | Orc:2    | Entered Level 2 of the Orcish Mines
 19237 | Orc:2    | Found a staircase to the Elven Halls.
 19285 | Orc:2    | Found Evonwac's Book Shoppe.
 19303 | Orc:2    | Found Uqaigicu's Assorted Antiques.
 19343 | Orc:2    | Received a gift from Okawaru
 19441 | Orc:2    | Found Seoss's Gadget Shop.
 19443 | Orc:2    | Found Liofuzes's Gadget Shoppe.
 19463 | Orc:2    | Got a twisted hand axe {god gift}
 19464 | Orc:2    | Identified the +7 hand axe "Meh Buo" {flame, Str+2}
                  | (Okawaru gifted it to you on level 2 of the Orcish Mines)
 19761 | Elf:1    | Entered Level 1 of the Elven Halls
 19802 | Elf:1    | Reached XP level 15. HP: 93/100 MP: 21/21
 19888 | Elf:1    | Received a gift from Okawaru
 19891 | Elf:1    | Reached skill level 14 in Fighting
 20107 | Elf:1    | Found a shimmering altar of Xom.
 20181 | Elf:1    | Noticed a Brimstone Fiend
 20198 | Elf:1    | Noticed an Ice Fiend
 20212 | Elf:1    | Noticed a Hell Sentinel
 20327 | Elf:1    | Received a gift from Okawaru
 20347 | Elf:1    | Identified Xusk's Collected Works on Calling
 20922 | Elf:2    | Found Isip's Assorted Antiques.
 21184 | Elf:2    | Found a runed gate.
 21184 | Elf:2    | Found a runed gate.
 21184 | Elf:2    | Found a runed gate.
 21228 | Elf:2    | Found Meanas's Food Shop.
 21253 | Elf:2    | Found Konetun's Weapon Shop.
 21260 | Elf:2    | Received a gift from Okawaru
 21280 | Elf:2    | Found Jeyqyo's Antique Armour Shop.
 21288 | Elf:2    | Bought a glowing helmet for 255 gold pieces
 21384 | Elf:2    | Found Hoin Wieqo's Antique Weapon Shoppe.
 21679 | Elf:2    | Reached XP level 16. HP: 104/107 MP: 20/22
 21833 | Elf:2    | Reached skill level 15 in Fighting
 22137 | Elf:3    | Entered Level 3 of the Elven Halls
 22167 | Elf:3    | Found a flickering gateway to a bazaar.
 22174 | Bazaar   | Entered a bazaar
 22174 | Bazaar   | Found Laupp's Gadget Boutique.
 22174 | Bazaar   | Found Hoah Jat's Magic Scroll Boutique.
 22192 | Bazaar   | Found Mur Vut's General Store.
 22203 | Bazaar   | Found Noxezed's Antique Armour Shop.
 22223 | Bazaar   | Found Ysazud's Antique Weapon Emporium.
 22251 | Bazaar   | Bought a scroll of fear for 49 gold pieces
 22251 | Bazaar   | Bought a scroll of enchant weapon for 105 gold pieces
 22251 | Bazaar   | Bought a scroll of identify for 28 gold pieces
 22251 | Bazaar   | Bought a scroll of blinking for 105 gold pieces
 22262 | Bazaar   | Bought a potion of agility for 72 gold pieces
 22549 | Elf:3    | Received a gift from Okawaru
 22655 | Elf:3    | Noticed a deep elf blademaster
 22668 | Elf:3    | Killed a deep elf blademaster
 22704 | Elf:3    | Received a gift from Okawaru
 22723 | Elf:3    | Noticed a deep elf blademaster
 22723 | Elf:3    | Noticed a deep elf master archer
 22723 | Elf:3    | Noticed a deep elf blademaster
 22743 | Elf:3    | Killed a deep elf blademaster
 22746 | Elf:3    | Killed a deep elf master archer
 22795 | Elf:2    | Killed a deep elf blademaster
 22795 | Elf:2    | Reached XP level 17. HP: 35/113 MP: 16/23
 23074 | Elf:3    | Reached skill level 15 in Armour
 23342 | Elf:3    | Identified a scroll of acquirement
 23343 | Elf:3    | Got a pitted war axe
 23346 | Elf:3    | Identified the +6 war axe of Usytont {freeze, rF+ MR+ Int+2
                  | Dex+2} (You acquired it on level 3 of the Elven Halls)
 23378 | Elf:3    | Found the +9 staff of Olgreb {rPois}
 23513 | Elf:3    | Got a brightly glowing granite ring
 23515 | Elf:3    | Identified the ring of Fexoopi {rElec rPois rF- MP+9 Dex+4}
                  | (You found it on level 3 of the Elven Halls)
 24507 | D:13     | Reached skill level 16 in Fighting
 24553 | D:13     | Received a gift from Okawaru
 25096 | D:13     | Got an amethyst-encrusted scale mail
 25097 | D:13     | Identified the +3 scale mail of the Songs {+Blink rPois}
                  | (You found it on level 13 of the Dungeon)
 25268 | D:14     | Found a glowing golden altar of the Shining One.
 25562 | D:14     | Found a gate to the Vaults.
 25595 | D:14     | Found Awuarato's Antique Armour Shop.
 25819 | D:14     | Received a gift from Okawaru
 25941 | D:14     | Found Soofar's Antique Armour Shoppe.
 26008 | D:14     | Found Ryrex's Weapon Boutique.
 26346 | D:15     | Entered Level 15 of the Dungeon
 26716 | D:15     | Reached skill level 17 in Fighting
 26756 | D:15     | Reached XP level 18. HP: 123/123 MP: 24/24
 26793 | D:15     | Found a staircase to the Depths.
 26809 | D:15     | Received a gift from Okawaru
 26842 | D:15     | Got an ancient cloak {god gift}
 26860 | D:15     | Identified the +0 cloak of Ganacol {MP+9 Slay+3} (Okawaru
                  | gifted it to you on level 15 of the Dungeon)
 27555 | Snake:1  | Entered Level 1 of the Snake Pit
 27612 | Snake:1  | Found Irea's Assorted Antiques.
 27620 | Snake:1  | Bought a warped large shield for 342 gold pieces
 27669 | Snake:1  | Identified the +6 large shield of Qoff {rC+ rN+ SInv} (You
                  | bought it in a shop on level 1 of the Snake Pit)
 27737 | Snake:1  | Noticed Azrael
 27751 | Snake:1  | Noticed Frances
 27759 | Snake:1  | Killed Azrael
 27765 | Snake:1  | Killed Frances
 28219 | Snake:2  | Got a steaming dire flail
 28221 | Snake:2  | Identified the cursed +1 dire flail of Radicalism {elec,
                  | Dex+8} (You found it on level 2 of the Snake Pit)
 28640 | Snake:2  | Received a gift from Okawaru
 29173 | Snake:3  | Reached skill level 15 in Axes
 29356 | Snake:3  | Reached skill level 18 in Fighting
 29363 | Snake:3  | Found Nos Ycy's Magic Scroll Boutique.
 29366 | Snake:3  | Bought a scroll of enchant weapon for 90 gold pieces
 29366 | Snake:3  | Bought a scroll of identify for 24 gold pieces
 29366 | Snake:3  | Bought a scroll of enchant armour for 90 gold pieces
 29366 | Snake:3  | Bought a scroll of blinking for 90 gold pieces
 29366 | Snake:3  | Bought a scroll of enchant weapon for 90 gold pieces
 29366 | Snake:3  | Bought a scroll of identify for 24 gold pieces
 29402 | Snake:3  | Found Taank's Book Emporium.
 29434 | Snake:3  | Received a gift from Okawaru
 29549 | Snake:3  | Found Manaolo's Weapon Boutique.
 29873 | Snake:4  | Entered Level 4 of the Snake Pit
 29931 | Snake:4  | Received a gift from Okawaru
 29932 | Snake:4  | Found the +2 pair of boots of the Assassin {Detection Stab+
                  | Stlth++}
 29965 | Snake:4  | Reached XP level 19. HP: 96/131 MP: 25/25
 30179 | Snake:4  | Got a serpentine rune of Zot
 30425 | Snake:4  | Received a gift from Okawaru
 30800 | Shoals:1 | Entered Level 1 of the Shoals
 30817 | Shoals:1 | Found Con Esem's Distillery.
 30841 | Shoals:1 | Bought a potion of might for 68 gold pieces
 30895 | Shoals:1 | Noticed Kirke
 30909 | Shoals:1 | Killed Kirke
 30909 | Shoals:1 | Reached skill level 1 in Spellcasting
 31051 | Shoals:1 | Reached skill level 19 in Fighting
 31125 | Shoals:1 | Found Zyoq's Magic Scroll Shoppe.
 31141 | Shoals:1 | Received a gift from Okawaru
 31148 | Shoals:1 | Got a steaming executioner's axe {god gift}
 31153 | Shoals:1 | Identified the +3 executioner's axe of Bloody Death
                  | {protect, Int+4 Dex+3} (Okawaru gifted it to you on level 1
                  | of the Shoals)
 31198 | Shoals:1 | Bought a scroll of enchant weapon for 97 gold pieces
 31198 | Shoals:1 | Bought a scroll of fear for 45 gold pieces
 31198 | Shoals:1 | Bought a scroll of blinking for 97 gold pieces
 31198 | Shoals:1 | Bought a scroll of enchant weapon for 97 gold pieces
 32109 | Shoals:2 | Received a gift from Okawaru
 32309 | Shoals:2 | Noticed Polyphemus
 32330 | Shoals:2 | Killed Polyphemus
 32870 | Shoals:3 | Reached XP level 20. HP: 129/139 MP: 26/26
 32929 | Shoals:3 | Received a gift from Okawaru
 33479 | Shoals:4 | Entered Level 4 of the Shoals
 34115 | Shoals:4 | Reached skill level 5 in Spellcasting
 34134 | Shoals:4 | Received a gift from Okawaru
 34171 | Shoals:4 | Got a barnacled rune of Zot
 34704 | Vaults:1 | Entered Level 1 of the Vaults
 35152 | Vaults:1 | Received a gift from Okawaru
 35453 | Vaults:1 | Found a runed gate.
 35453 | Vaults:1 | Found a runed gate.
 35454 | Vaults:1 | Found a runed gate.
 35455 | Vaults:1 | Noticed Stone's ghost (adept FoFi)
 35455 | Vaults:1 | Noticed Sydeak's ghost (veteran CeHu)
 35457 | Vaults:1 | Noticed strelocc's ghost (adept MfBe)
 35537 | Vaults:2 | Found the +3 robe of Folly {Archmagi, MR-- Int+5}
 35718 | Vaults:2 | Received a gift from Okawaru
 35718 | Vaults:2 | Reached skill level 20 in Fighting
 35876 | Vaults:2 | Reached XP level 21. HP: 133/146 MP: 31/31
 35905 | Vaults:2 | Learned a level 6 spell: Invisibility
 36113 | Vaults:2 | Reached skill level 1 in Hexes
 36245 | Vaults:2 | Found a staircase to the Crypt.
 36279 | Vaults:2 | Received a gift from Okawaru
 36927 | Vaults:3 | Reached skill level 15 in Dodging
 36965 | Vaults:3 | Received a gift from Okawaru
 37552 | Vaults:3 | Found a portal to a secret trove of treasure.
 38458 | Vaults:4 | Reached skill level 5 in Hexes
 38556 | Vaults:4 | Found Pikkena's Jewellery Emporium.
 38565 | Vaults:4 | Bought the ring "Failiehe" {+Blink rF+ rC+ MR+ Int+2} for
                  | 725 gold pieces
 38894 | Vaults:4 | Reached XP level 22. HP: 116/153 MP: 32/32
 38899 | Vaults:4 | Received a gift from Okawaru
 39224 | Vaults:4 | Reached skill level 21 in Fighting
 39259 | Vaults:4 | Received a gift from Okawaru
 39518 | Vaults:5 | Entered Level 5 of the Vaults
 39994 | Vaults:5 | Received a gift from Okawaru
 40049 | Vaults:5 | HP: 2/155 [lich/bolt of acid (29)]
 40049 | Vaults:5 | Splashed by a lich's acid

Vault maps used:
D:1:      minmay_arrival_three_doors, hangedman_decor_slide_cut, st_stairs_10
D:3:      lemuel_blue_sif_altar, nicolae_ru_sacrificial_ziggurat, first_ration
D:4:      gammafunk_steamed_eel, minitemple
D:5:      minmay_temple_entry_large_hall
D:6:      fedhas_altar_1, nicolae_dithmenos_the_darkroom, uniq_sigmund
D:7:      kennysheep_mini, makhleb_grotto_becter
D:8:      basic_altar
D:9:      orc_0_dummy, hangedman_little_slice_of_home
D:10:     kennysheep_generic_room_4
D:11:     wad_river_or_something, erik_lair_orcish_takeover, serial_shops,
          nicolae_shop_statue_plus
D:12:     minmay_fountain_box, nooodl_orcs_dogs
D:13:     evilmike_minifort
D:14:     hangedman_vaults_entry_quadrant_bands, special_room, basic_altar,
          serial_shops, shop, shop, kennysheep_little_box
D:15:     hangedman_depths_entry_civil_slaughter
Temple:   zaba_magenta_temple
Lair:1:   beast_lair_carwin_2, uniq_grum, uniq_fannar
Lair:2:   guppyfry_snake_entry_garden, grunt_megastairs_1, uniq_sonja
Lair:3:   pond
Lair:4:   minmay_shoals_entry_lonely_mermaid
Lair:5:   dpeg_slime_entry_enclosed_altar, minmay_another_anthill
Lair:6:   due_jungle_book, serial_bayou_pond_b
Shoals:1: serial_shops, shop, shop, uniq_kirke
Shoals:2: uniq_polyphemus
Shoals:3: nicolae_shoals_mertower
Shoals:4: shoals_end_hangedman, nicolae_shoals_aquamancer_cove
Snake:1:  serial_shops, nicolae_shop_window_shopping, uniq_frances, uniq_azrael
Snake:3:  serial_shops, nicolae_shop_crystal, nicolae_shop_trees,
          nicolae_shop_behind_doors
Snake:4:  snake_pit, st_stairs_3, serial_bayou_shore_b
Orc:2:    st_orc_elflike
Elf:1:    basic_altar, minmay_elf_demonology
Elf:2:    serial_shops, shop, shop, nicolae_shop_behind_doors,
          nicolae_shop_statue_plus, shop_fountains
Elf:3:    minmay_elf_hall_furrowed, serial_shops, freezing_bzr
Vaults:1: gammafunk_vaults_ghost_cemetery, nicolae_vaults_ring_of_whatevers,
          vaults_dpeg_diagonal, v_pattern_1, nicolae_vaults_inception_statues,
          ontoclasm_vaults_pinch, v_misc_25, vaults_dpeg_ring, vaults_room_pool,
          grunt_vaults_hallway_short, v_alt_pattern_4, hangedman_vaults_pinch,
          grunt_vaults_funnel, v_misc_16, v_misc_11, v_misc_28,
          ontoclasm_vaults_loading_screen
Vaults:2: v_misc_2, v_rooms_1, minmay_crypt_entry_simple_plaza,
          hangedman_vaults_trim, v_misc_15, vaults_dpeg_hooks, v_alt_pattern_6,
          vaults_room_corners, vaults_dpeg_encased_lava
Vaults:3: v_alt_pattern_3, nicolae_vaults_circle_grid_b,
          hangedman_vaults_cutoff, vaults_room_door_hall,
          nicolae_vaults_circle_grid_a, nicolae_vaults_angled_halls, v_misc_11,
          vaults_room_stairs_pillars, nicolae_vaults_yaktaur_gun_rack,
          v_misc_25, trove_entry_hex_spiral
Vaults:4: grunt_vaults_diagonal, nicolae_vaults_twisting_passages,
          vaults_dpeg_cross, ontoclasm_vaults_twist, v_misc_24,
          hangedman_vaults_nails, nicolae_vaults_diagonal_hallway_7,
          nicolae_vaults_three_branches, nicolae_vaults_network_s, v_misc_2,
          v_misc_19, nicolae_vaults_circle_grid_b, serial_shops, shop_fountains
Vaults:5: serial_shops
Bazaar:   bazaar_lake

Skill      XL: |  1  2  3  4  5  6  7  8  9 10 11 12 13 14 15 16 17 18 19 20 21 22 |
---------------+-------------------------------------------------------------------+-----
Armour         | 1 2 3 4 5 6 7 8 9 11 13 14 15 16 | 16.8
Fighting       | 3 4 5 6 7 8 9 11 12 13 14 15 17 18 19 20 21 | 21.2
Dodging        | 3 4 5 6 7 8 9 10 11 12 13 14 15 | 15.7
Axes           | 1 2 4 5 7 9 10 11 12 13 14 15 16 17 | 17.7
Invocations    | 3 7 8 |  8.0
Shields        | 4 |  4.0
Spellcasting   | 4 6 7 |  7.1
Hexes          | 5 7 |  7.0
Maces & Flails | |  3.7
Throwing       | |  1.7

Action                   |  1- 3 |  4- 6 |  7- 9 | 10-12 | 13-15 | 16-18 | 19-21 | 22-24 || total
-------------------------+-------+-------+-------+-------+-------+-------+-------+-------++-------
Melee: Flail             |    82 |    68 |       |       |       |       |       |       ||   150
       War axe           |       |    72 |   211 |   165 |       |       |       |       ||   448
       Punch             |       |       |     1 |     1 |       |       |       |       ||     2
       Broad axe         |       |       |       |   380 |   878 |  1113 |  1284 |   208 ||  3863
       Battleaxe         |       |       |       |       |     6 |       |       |       ||     6
Invok: Heroism           |       |       |     2 |     3 |     3 |     6 |     4 |     3 ||    21
       Finesse           |       |       |       |     1 |     1 |     6 |     3 |     3 ||    14
 Abil: Fly               |       |       |       |       |       |     1 |     1 |       ||     2
       Stop Flying       |       |       |       |       |       |     1 |     1 |       ||     2
  Use: Scroll            |     2 |       |     6 |     7 |    15 |    12 |    22 |     4 ||    68
       Potion            |       |       |       |       |    14 |     1 |     1 |     3 ||    19
 Stab: Sleeping          |       |       |       |     3 |     2 |       |       |       ||     5
       Distracted        |       |       |       |     1 |     1 |       |     1 |       ||     3
  Eat: Chunk             |     2 |     6 |     5 |    12 |     9 |     6 |     7 |     1 ||    48
       Ration            |       |       |     2 |     4 |     5 |     6 |     6 |     1 ||    24
Armor: Leather armour    |    50 |    53 |   118 |   352 |   152 |       |       |       ||   725
       Plate armour      |       |       |       |       |   315 |   615 |   459 |       ||  1389
       Gold dragon scale |       |       |       |       |       |       |    87 |   109 ||   196
Dodge: Dodged            |    60 |    70 |   130 |   545 |   588 |   562 |   648 |    85 ||  2688
Block: Other             |       |       |       |       |    53 |       |       |       ||    53
       Buckler           |       |       |       |       |   280 |   655 |   651 |   120 ||  1706

Table legend:
 A = Non-vault XP
 B = Vault XP
 C = Vault XP percentage of total XP
 D = Non-vault monster count
 E = Vault monster count
 F = Vault count percentage of total count
                 A         B        C        D         E       F
            +---------+---------+-------+---------+---------+-------
      Total |  394624 |  261449 |  39.9 |    1031 |     448 |  30.3
            +---------+---------+-------+---------+---------+-------
        D:1 |      17 |       1 |   5.6 |       5 |       1 |  16.7
        D:2 |      55 |       0 |   0.0 |      12 |       0 |   0.0
        D:3 |     190 |       0 |   0.0 |      29 |       0 |   0.0
        D:4 |     212 |       0 |   0.0 |      17 |       0 |   0.0
        D:5 |     632 |       0 |   0.0 |      13 |       0 |   0.0
        D:6 |     854 |     231 |  21.3 |      17 |       1 |   5.6
        D:7 |     953 |      50 |   5.0 |      29 |       1 |   3.3
        D:8 |    1149 |       0 |   0.0 |      16 |       0 |   0.0
        D:9 |    1082 |     168 |  13.4 |      21 |       8 |  27.6
       D:10 |    5692 |     531 |   8.5 |      33 |       5 |  13.2
       D:11 |     964 |    1469 |  60.4 |      15 |      11 |  42.3
       D:12 |    5549 |    1285 |  18.8 |      32 |      12 |  27.3
       D:13 |    6859 |    6913 |  50.2 |      32 |      13 |  28.9
       D:14 |   17969 |    8398 |  31.9 |      39 |      43 |  52.4
       D:15 |   13595 |    4727 |  25.8 |      44 |       6 |  12.0
     Lair:1 |    3825 |    2139 |  35.9 |      13 |       9 |  40.9
     Lair:2 |    8347 |    1070 |  11.4 |      22 |       3 |  12.0
     Lair:3 |    7161 |    1047 |  12.8 |      25 |       6 |  19.4
     Lair:4 |    3814 |     451 |  10.6 |      24 |       1 |   4.0
     Lair:5 |    5586 |    4577 |  45.0 |      20 |      31 |  60.8
     Lair:6 |   15983 |    2311 |  12.6 |      37 |       6 |  14.0
   Shoals:1 |   17376 |    2850 |  14.1 |      30 |       5 |  14.3
   Shoals:2 |   21889 |    5914 |  21.3 |      43 |       5 |  10.4
   Shoals:3 |    5707 |    6056 |  51.5 |      12 |       7 |  36.8
   Shoals:4 |    5599 |   20054 |  78.2 |      10 |      28 |  73.7
    Snake:1 |    9370 |    4121 |  30.5 |      23 |       6 |  20.7
    Snake:2 |   13821 |       0 |   0.0 |      26 |       0 |   0.0
    Snake:3 |   23257 |       0 |   0.0 |      54 |       0 |   0.0
    Snake:4 |   14969 |   26764 |  64.1 |      25 |      44 |  63.8
      Orc:1 |     327 |       0 |   0.0 |       2 |       0 |   0.0
      Orc:2 |    2980 |    8414 |  73.8 |      24 |      25 |  51.0
      Elf:1 |   22874 |    5135 |  18.3 |      38 |       9 |  19.1
      Elf:2 |   10604 |   26714 |  71.6 |      18 |      32 |  64.0
      Elf:3 |    4996 |   35677 |  87.7 |       7 |      23 |  76.7
   Vaults:1 |   25386 |    7869 |  23.7 |      42 |      17 |  28.8
   Vaults:2 |   45963 |   20612 |  31.0 |      83 |      25 |  23.1
   Vaults:3 |   25046 |    9716 |  28.0 |      38 |      16 |  29.6
   Vaults:4 |   38947 |   17366 |  30.8 |      54 |      27 |  33.3
   Vaults:5 |    5025 |   28819 |  85.2 |       7 |      22 |  75.9
            +---------+---------+-------+---------+---------+-------
